 Dungeon Crawl Stone Soup version 0.32-a0-909-gc671339a80 (webtiles) character file.

Game seed: 14031764680360435151

95718 croobank the Summoner (level 15, -1/63 (80) HPs)
             Began as a Felid Summoner on Apr 6, 2024.
             Was a High Priest of Lugonu.
             Splashed by a brown ugly thing's acid (8 damage)
             ... on level 15 of the Dungeon on Apr 7, 2024.
             The game lasted 02:29:16 (34210 turns).

croobank the Summoner (Felid Summoner)             Turns: 34210, Time: 02:29:16

HP:   -1/63 (80)    AC: -1    Str:  6      XL:     15   Next: 67%
MP:   15/32         EV: 27    Int: 18 (22) God:    Lugonu [*****.]
Gold: 767           SH:  0    Dex: 25      Spells: 9/38 levels left
                                        Lives: 0   Deaths: 5

rFire   . .          .
                       - Blade Hands
rCold   + + .        (shield unavailable)
rNeg    + . .        (body armour unavailable)
rPois   .            (helmet unavailable)
rElec   .            (cloak unavailable)
rCorr   .            (gloves unavailable)
SInv    +            (boots unavailable)
Will    +....        b - amulet of regeneration
Stlth   +++++        M - ring "Veomeaj" {rC+ rN+ Dex+6}
HPRegen 1.10/turn    x - ring of the Mage {Wiz Archmagi}
MPRegen 0.23/turn

%: wizardry (x1), archmagi
@: blade hands, weak-willed, corroded, heavily drained
A: very small, (claws 1), fangs 3, see invisible, shaggy fur 3, (stealthy paws),
no weapons or thrown items, no armour, multi-lived
a: Begin Untransformation, Renounce Religion, Depart the Abyss, Banish, Corrupt,
Enter the Abyss


You were on level 15 of the Dungeon.
You worshipped Lugonu.
Lugonu was extremely pleased with you.
You had blades for front paws.
You visited 4 branches of the dungeon, and saw 23 of its levels.
You visited the Abyss 1 time.

You collected 2680 gold pieces.
You spent 1913 gold pieces at shops.

Inventory:

Jewellery
 b - an amulet of regeneration (around neck)
 c - a +4 ring of protection
 g - a +6 ring of strength
 i - a +6 ring of intelligence
 s - a ring of protection from cold
 t - a ring of positive energy
 u - a ring of willpower
 x - the ring of the Mage (right blade hand) {Wiz Archmagi}
   (You bought it in a shop on level 13 of the Dungeon)

   [ring of wizardry]

   Wiz:       It improves your spell success rate.
   Archmagi:  It increases the power of your magical spells.
 y - a +5 ring of evasion
 C - a +6 ring of dexterity
 D - a +5 ring of evasion
 J - a +6 ring of strength
 K - a ring of ice
 M - the ring "Veomeaj" (left blade hand) {rC+ rN+ Dex+6}
   (You found it on level 2 of the Lair of Beasts)

   [ring of dexterity]

   Dex+6:     It affects your dexterity (+6).
   rC+:       It protects you from cold.
   rN+:       It protects you from negative energy.
Talismans
 j - a blade talisman (active)
 z - a maw talisman
Wands
 o - a wand of paralysis (2)
 p - a wand of flame (33)
 r - a wand of roots (6)
 v - a wand of polymorph (12)
Scrolls
 a - 3 scrolls of teleportation
 h - 4 scrolls of revelation
 l - 2 scrolls of poison
 q - 3 scrolls of noise
 F - 2 scrolls of torment
 I - 3 scrolls of identify
 L - a scroll of blinking
 N - a scroll of amnesia
 O - a scroll of fear
 P - a scroll of silence
 Q - a scroll of immolation
Potions
 d - a potion of magic
 e - 3 potions of enlightenment
 k - a potion of berserk rage
 m - 9 potions of curing
 n - 5 potions of resistance
 w - 3 potions of attraction
 A - 6 potions of might
 B - 2 potions of brilliance
 E - 2 potions of haste
 G - a potion of ambrosia
 R - a potion of mutation {unknown}
Miscellaneous
 f - a phantom mirror (inert)


   Skills:
 - Level 10.0 Fighting
 - Level 10.0 Dodging
 - Level 10.0 Stealth
 - Level 12.0 Spellcasting
 - Level 5.0 Hexes
 - Level 14.3 Summonings
 * Level 12.2 Necromancy
 - Level 5.0 Fire Magic
 - Level 7.0 Air Magic
 + Level 12.1 Shapeshifting


You had 9 spell levels left.
You knew the following spells:

 Your Spells              Type           Power      Damage    Failure   Level
a - Summon Small Mammal   Summ           100%       N/A       0%          1
b - Call Imp              Summ           100%       N/A       1%          2
c - Call Canine Familiar  Summ           76%        N/A       1%          3
d - Summon Blazeheart Go  Fire/Summ      62%        N/A       1%          4
e - Summon Lightning Spi  Summ/Air       65%        N/A       1%          4
f - Summon Forest         Summ/Tloc      26%        N/A       4%          5
D - Death Channel         Necr           35%        N/A       2%          6
N - Anguish               Hex/Necr       29%        N/A       1%          4

Your spell library contained the following spells:

 Spells                   Type           Power      Damage    Failure   Level
 Kiss of Death            Conj/Necr      100%       2d13      1%          1
 Sublimation of Blood     Necr           70%        N/A       1%          2
 Confusing Touch          Hex            43%        N/A       1%          3
 Fugue of the Fallen      Necr           70%        N/A       1%          3
 Vampiric Draining        Necr           70%        2d11      1%          3
 Dispel Undead            Necr           70%        3d24      1%          4
 Curse of Agony           Necr           70%        N/A       1%          5
 Summon Mana Viper        Hex/Summ       62%        N/A       1%          5
 Summon Cactus Giant      Summ           38%        N/A       1%          6
 Freeze                   Ice            64%        1d7       2%          1
 Sandblast                Erth           32%        2d9       2%          1
 Dazzling Flash           Conj/Hex       58%        N/A       2%          3
 Mephitic Cloud           Conj/Alch/Air  28%        N/A       3%          3
 Lesser Beckoning         Tloc           32%        N/A       4%          2
 Silence                  Hex/Air        24%        N/A       6%          5
 Frozen Ramparts          Ice            32%        1d5       8%          3
 Hailstorm                Conj/Ice       16%        3d6       8%          3
 Maxwell's Portable Pile  Tloc           16%        2d(6-18)  8%          3
 Stone Arrow              Conj/Erth      32%        3d9       8%          3
 Teleport Other           Tloc           16%        N/A       8%          3
 Haunt                    Necr/Summ      36%        N/A       10%         7
 Brom's Barrelling Bould  Conj/Erth      16%        2d4       26%         4
 Leda's Liquefaction      Alch/Erth      8%         N/A       26%         4
 Passage of Golubria      Tloc           16%        N/A       26%         4
 Lee's Rapid Deconstruct  Erth           8%         3d7*      54%         5
 Borgnjor's Revivificati  Necr           35%        N/A       71%         8
 Infestation              Necr           35%        N/A       71%         8
 Permafrost Eruption      Ice/Erth       8%         2x4d3     98%         6
 Lehudib's Crystal Spear  Conj/Erth      8%         10d3      100%        8
 Death's Door             Necr           35%        N/A       100%        9


Dungeon Overview and Level Annotations

Branches:
Dungeon (15/15)            Temple (1/1) D:5            Lair (5/5) D:9
 Shoals (0/4) Lair:3       Spider (0/4) Lair:3        Slime (0/5) Lair:5
    Orc (2/2) D:11            Elf (0/3) Orc:2        Vaults (0/5) D:14
 Depths: D:15

Altars:
Ashenzari
Cheibriados
Dithmenos
Elyvilon
Fedhas
Gozag
Hepliaklqana
Kikubaaqudgha
Makhleb
Nemelex Xobeh
Okawaru
Qazlal
Ru
Sif Muna
Trog
Uskayaw
Vehumet
Wu Jian
Xom
Yredelemnul
Zin
The Shining One
Jiyva

Shops:
D:6 *   D:7 (   D:8 (   D:13 *(=?   Orc:2 ([*(

Portals:
Hell: Lair:5
Trove: D:15 (give 4 scrolls of blinking)

Annotations:
D:4 2 transporters
D:15 Louise


Innate Abilities, Weirdness & Mutations

You have blades for front paws.
((You have sharp claws.))
You have razor-sharp teeth.
You have supernaturally acute eyesight. (SInv)
Your thick and shaggy fur keeps you warm. (AC +3, rC+)
((Your paws help you pounce on unaware monsters.))
You are incapable of wielding weapons or throwing items.
You cannot wear armour.
You gain extra lives every three experience levels.


Message History

Your quokka dies!
Your quokka's corpse disappears in a puff of smoke!
The green ugly thing is wracked by anguish.
Louise completely misses you.
The brown ugly thing basks in the mutagenic energy from its kin and changes!
Your cerulean imp hits the green ugly thing from afar with a +1 spear.
You feel sick.
Your blazeheart core explodes!
The fiery explosion engulfs you!!
* * * LOW HITPOINT WARNING * * *
The fiery explosion engulfs the green ugly thing!!
You kill the green ugly thing!
Lugonu accepts your kill.
The fiery explosion engulfs your inugami!!
The fiery explosion engulfs the green ugly thing!!!
The fiery explosion engulfs the green ugly thing!!
Your inugami disappears in a puff of smoke!
The green ugly thing is engulfed in blazing flames.
Louise attacks as she pursues you! Louise closely misses you.
You feel sick.
The green ugly thing is engulfed in blazing flames.
The brown ugly thing is engulfed in blazing flames.
Your cerulean imp hits Louise from afar with a +1 spear.
The green ugly thing is engulfed in blazing flames.
You kill the green ugly thing!
Lugonu accepts your kill.
Louise is engulfed in blazing flames.
Okay, then.
Aiming: Phantom Mirror
Press: ? - help, Dir - move target, f - Louise
Aim: Louise, wielding a +3 trident of venom, wearing a +2 plate armour of cold resistance and wearing a +0 tower shield (flame, lightly wounded, weak-willed, ally target, anguished)
You reflect Louise with the mirror!
The mirror clouds!
You feel sick.
You are no longer poisoned.
The green ugly thing is engulfed in blazing flames.
You kill the green ugly thing!
Lugonu accepts your kill. The brown ugly thing headbutts you.
* * * LOW HITPOINT WARNING * * *
The acid corrodes you!
You are splashed with acid!
You die...

#..................
#..........#......
#..........#..##..
#...ß.......##...
#..ß.ß...........
##ß.∩.ß..........
##.ß.ß...........
##5..ß............
#@○@°.............
#u.○@.........#...
##°°○.........#...
.................
........##....
.........#
..........#
...........#
...<.........


You could see Louise (weak-willed, ally target, anguished), a brown ugly thing,
the friendly Louise (summoned, weak-willed, drained, anguished) and a friendly
cerulean imp (summoned).

Vanquished Creatures
  A lich (Abyss:2)
  A tentacled starspawn (Abyss:2)
  Harold (Lair:1)
  2 ogre magi
  Fannar (D:12)
  3 hydras
  Erica (Lair:2)
  A catoblepas (Lair:2)
  4 boulder beetles
  11 two-headed ogres
  6 death yaks (Lair:5)
  An orc high priest (Orc:2)
  A demonic crawler (Lair:2)
  Urug (D:12)
  3 skysharks
  A sun demon (Lair:5)
  Lodul (D:12)
  2 deep trolls (Orc:2)
  An arcanist (D:9)
  An obsidian bat (Orc:2)
  3 cyclopes
  2 orc sorcerers
  An oklob plant (Lair:3)
  A manticore (D:12)
  6 ugly things
  5 elephants
  2 large abominations (Abyss:2)
  8 cane toads
  A black mamba (Lair:3)
  An unseen horror (D:12)
  2 orange demons
  2 kobold demonologists (D:12)
  A rime drake (Lair:1)
  9 komodo dragons
  2 ice devils (Lair:5)
  6 trolls
  A hornet (D:5)
  3 raiju (Abyss:2)
  8 blink frogs (Lair:2)
  2 vampires
  2 wraiths (Lair:4)
  A wyvern (D:7)
  A water elemental (Lair:3)
  37 yaks
  2 basilisks
  5 vampire mosquitoes
  A two-headed ogre zombie (Orc:2)
  A swamp worm (Lair:2)
  10 water moccasins
  6 orc warriors
  2 ice beasts
  15 ogres
  4 wolves (Lair:4)
  A phantom (D:5)
  3 centaurs
  2 kobold brigands
  5 bullfrogs
  A scorpion (D:7)
  A cyclops zombie (Orc:2)
  7 wights
  A killer bee (shapeshifter) (D:14)
  An electric eel (Lair:3)
  A nameless horror (D:9)
  A howler monkey (D:6)
  A centaur zombie (D:14)
  A hound (D:5)
  4 jellies
  A gnoll bouda (Temple)
  6 orc priests
  2 iguanas
  7 orc wizards
  6 hell rats (Lair:3)
  An ogre zombie (Orc:2)
  A gnoll (Temple)
  An ufetubus (D:5)
  14 orcs
  2 ball pythons
  4 endoplasms
  A giant cockroach (D:4)
  2 goblins
  2 hobgoblins
  5 jackals
  A quokka (D:2)
  A bat (D:3)
  A frilled lizard (D:1)
  4 kobolds
  2 orc zombies (Orc:2)
  A rat (D:2)
  2 starspawn tentacles (Abyss:2)
294 creatures vanquished.

Vanquished Creatures (collateral kills)
  Josephine (Lair:4)
  2 hydras
  An ogre mage (Orc:2)
  A centaur warrior (D:13)
  A death yak (Lair:5)
  3 two-headed ogres (Orc:2)
  An occultist (Lair:5)
  A skyshark (Lair:5)
  Amaemon (D:8)
  A deep elf zephyrmancer (D:13)
  5 ugly things
  An elephant (Lair:5)
  A black mamba (Lair:1)
  2 gargoyles (D:13)
  2 cane toads
  3 kobold demonologists
  2 orange demons (Lair:5)
  An unseen horror (D:12)
  2 rime drakes (Lair:5)
  A yaktaur (D:14)
  2 komodo dragons (Lair:1)
  A hydra zombie (Lair:5)
  6 trolls
  A polar bear (Lair:1)
  A hellwing (Lair:5)
  10 blink frogs
  A dream sheep (Lair:5)
  A raiju (Abyss:2)
  A snapping turtle (Lair:3)
  A slime creature (D:8)
  A ynoxinul (Abyss:2)
  A wraith (Lair:4)
  20 yaks
  4 shadows
  4 wyverns
  A basilisk (Lair:5)
  7 vampire mosquitoes
  3 wargs (Orc:1)
  2 chaos spawn (Abyss:2)
  2 steam dragons
  A swamp worm (Lair:2)
  A two-headed ogre zombie (Orc:2)
  An acid dragon (D:9)
  A hell hound (Lair:5)
  10 water moccasins
  A swamp drake (D:11)
  8 orc warriors
  2 ice beasts
  14 ogres
  An orc zombie (Orc:1)
  An elf zombie (D:13)
  A wolf (Lair:4)
  9 centaurs
  2 kobold brigands
  7 bullfrogs
  A warg zombie (Orc:1)
  A scorpion (D:5)
  7 wights
  2 howler monkeys
  A crimson imp (D:9)
  A centaur zombie (D:13)
  A hound (D:7)
  Crazy Yiuf (D:2)
  A gnoll bouda (Temple)
  9 orc priests
  4 jellies
  6 iguanas
  16 orc wizards
  A hell rat (Lair:3)
  An ogre zombie (Orc:2)
  12 gnolls
  10 adders
  2 shadow imps
  A white imp (D:5)
  2 nameless horrors
  A ribbon worm (D:2)
  2 dart slugs (D:2)
  48 orcs
  9 ball pythons
  5 bats
  7 endoplasms
  7 giant cockroaches
  3 goblins
  4 hobgoblins
  8 jackals
  6 quokkas
  16 kobolds
  2 rats (D:1)
361 creatures vanquished.

Vanquished Creatures (others)
  3 centaur warriors
  2 two-headed ogres
  An obsidian bat (Orc:1)
  An orc knight (Orc:1)
  An ugly thing (D:14)
  2 elephants (Lair:5)
  A manticore (D:13)
  Psyche (D:9)
  2 trolls (Orc:2)
  4 blink frogs
  A ynoxinul (Abyss:2)
  A yak (Lair:5)
  A basilisk (Lair:5)
  3 hell hounds (Lair:5)
  3 ogres
  A wolf (Lair:4)
  4 centaurs
  2 kobold brigands (D:13)
  An orc priest (Orc:2)
  An orc (Orc:1)
  A kobold (D:12)
  190 blazeheart cores
  2 starspawn tentacles (Abyss:2)
229 creatures vanquished.

Grand Total: 884 creatures vanquished

Notes
Turn   | Place    | Note
-------+----------+-------------------------------------------
     0 | D:1      | croobank the Felid Summoner began the quest for the Orb.
     0 | D:1      | Reached XP level 1. HP: 9/9 MP: 4/4
   252 | D:1      | Reached XP level 2. HP: 13/13 MP: 0/6
   309 | D:1      | Learned a level 2 spell: Call Imp
   990 | D:1      | Reached XP level 3. HP: 16/16 MP: 7/7
  1336 | D:2      | Learned a level 3 spell: Call Canine Familiar
  1340 | D:2      | Found a basalt altar of Yredelemnul.
  1708 | D:2      | Found a faded altar of an unknown god.
  1724 | D:2      | Got Plato's Papyrus of Chilblains
  1957 | D:2      | Found a runed translucent door.
  1958 | D:2      | Noticed Crazy Yiuf
  2170 | D:2      | Reached XP level 4. HP: 11/21 MP: 5/8
  2170 | D:2      | Gained a life (2 lives remaining)
  2935 | D:2      | Killed Crazy Yiuf
  3105 | D:3      | Reached XP level 5. HP: 20/24 MP: 5/10
  3113 | D:3      | Learned a level 4 spell: Summon Blazeheart Golem
  3612 | D:3      | Found a basalt altar of Yredelemnul.
  3615 | D:3      | Found a white marble altar of Elyvilon.
  3618 | D:3      | Found an iron altar of Okawaru.
  3878 | D:3      | Found a broken altar of Ashenzari.
  4440 | D:4      | Found a blossoming altar of Fedhas.
  4441 | D:4      | Found a stormy altar of Qazlal.
  4511 | D:4      | Found a transporter.
  4576 | D:4      | Found a transporter.
  4924 | D:5      | Entered Level 5 of the Dungeon
  4937 | D:5      | Reached skill level 5 in Stealth
  4937 | D:5      | Reached skill level 1 in Fire Magic
  4938 | D:5      | Gained mutation: You are covered in thick fur. (AC +2)
                  | [Felid growth]
  4938 | D:5      | Reached XP level 6. HP: 8/29 MP: 5/11
  5320 | D:5      | Reached skill level 1 in Fighting
  5341 | D:5      | Reached skill level 5 in Summonings
  5380 | D:5      | Reached skill level 5 in Dodging
  5444 | D:5      | Found a staircase to the Ecumenical Temple.
  5444 | D:5      | Noticed a hornet
  5454 | D:5      | Paralysed by a hornet for 2 turns
  5462 | D:5      | Killed a hornet
  5463 | D:5      | Reached XP level 7. HP: 8/35 MP: 7/13
  5489 | Temple   | Entered the Ecumenical Temple
  5593 | Temple   | Became a worshipper of Kikubaaqudgha
  6064 | Temple   | Slain by a gnoll
  6064 | Temple   | Lost a life (1 life remaining)
  6362 | D:5      | Reached XP level 8. HP: 34/39 MP: 9/14
  6362 | D:5      | Gained a life (2 lives remaining)
  6940 | D:5      | Identified a scroll of acquirement
  6940 | D:5      | Acquired a manual of Summonings
  7003 | D:6      | Reached skill level 6 in Summonings
  7343 | D:5      | Reached XP level 9. HP: 20/45 MP: 12/17
  7458 | D:6      | Reached skill level 5 in Fire Magic
  7493 | D:6      | Reached * piety under Kikubaaqudgha
  7493 | D:6      | Received a gift from Kikubaaqudgha
  7499 | D:6      | Learned a level 4 spell: Summon Lightning Spire
  7539 | D:5      | Reached skill level 7 in Summonings
  7774 | D:6      | Reached skill level 5 in Spellcasting
  8392 | D:6      | Reached skill level 1 in Air Magic
  8451 | D:6      | Acquired a manual of Shapeshifting
  8729 | D:6      | Reached skill level 8 in Summonings
  8854 | D:6      | Found Luodurag's Serpentskin Sales.
  8920 | D:6      | Identified the +1 robe of Resourcefulness {Harm Will- rCorr
                  | Dex+4}
  9137 | D:7      | Reached skill level 5 in Fighting
  9137 | D:7      | Reached skill level 1 in Shapeshifting
  9147 | D:7      | Identified the +5 rapier of Voun {flame, rN+++ MP-9 Str+3}
  9226 | D:7      | Found Axahun's Weapon Shoppe.
  9328 | D:7      | Reached XP level 10. HP: 51/51 MP: 16/19
  9621 | D:7      | Noticed a two-headed ogre
  9629 | D:7      | Killed a two-headed ogre
  9855 | D:8      | Noticed Amaemon
  9855 | D:8      | Noticed an orange demon
  9864 | D:8      | Noticed a brown ugly thing
  9866 | D:8      | Killed an orange demon
  9873 | D:8      | Killed Amaemon
  9882 | D:8      | Killed a brown ugly thing
  9882 | D:8      | Reached ** piety under Kikubaaqudgha
  9883 | D:8      | Reached skill level 9 in Summonings
 10371 | D:8      | Found an ornate altar of the Wu Jian Council.
 10430 | D:8      | Identified the +10 long sword of Honour {venom, rElec}
 10485 | D:8      | Noticed a boulder beetle
 10536 | D:8      | Killed a boulder beetle
 10537 | D:8      | Reached skill level 10 in Stealth
 10799 | D:8      | Noticed a two-headed ogre
 10810 | D:8      | Killed a two-headed ogre
 11090 | D:8      | Noticed a two-headed ogre
 11098 | D:8      | Killed a two-headed ogre
 11099 | D:8      | Reached XP level 11. HP: 58/58 MP: 17/21
 11208 | D:8      | Found Himaloef's Antique Weapon Boutique.
 11659 | D:9      | Reached skill level 10 in Summonings
 12132 | D:9      | Reached *** piety under Kikubaaqudgha
 12132 | D:9      | Received a gift from Kikubaaqudgha
 12133 | D:9      | Reached skill level 10 in Dodging
 12307 | D:9      | Found a staircase to the Lair.
 12497 | D:9      | Noticed Psyche
 12497 | D:9      | You fall into a shaft and drop 1 floor!
 12497 | D:10     | Entered Level 10 of the Dungeon
 12771 | D:9      | Killed Psyche
 12878 | D:9      | Noticed an arcanist
 12883 | D:9      | Killed an arcanist
 13188 | D:10     | Reached skill level 11 in Summonings
 13234 | D:10     | Reached skill level 5 in Air Magic
 14185 | D:11     | Reached skill level 5 in Shapeshifting
 14242 | D:11     | Noticed a soul eater
 14577 | D:11     | Noticed a boulder beetle
 14617 | D:11     | Reached **** piety under Kikubaaqudgha
 14624 | D:11     | Killed a boulder beetle
 14625 | D:11     | Gained mutation: Your thick and shaggy fur keeps you warm.
                  | (AC +3, rC+) [Felid growth]
 14625 | D:11     | Reached XP level 12. HP: 9/64 MP: 3/24
 15022 | D:11     | Found a staircase to the Orcish Mines.
 15135 | D:11     | Noticed a two-headed ogre
 15143 | D:11     | Killed a two-headed ogre
 15227 | D:12     | Reached skill level 12 in Summonings
 15660 | D:12     | Found an opulent altar of Gozag.
 16028 | D:12     | Noticed Urug
 16040 | D:12     | Killed Urug
 16175 | D:12     | Reached skill level 1 in Necromancy
 16194 | D:12     | Noticed Fannar
 16206 | D:12     | Killed Fannar
 16302 | D:12     | Noticed Lodul
 16326 | D:12     | Killed Lodul
 16952 | D:13     | Noticed a boulder beetle
 16952 | D:13     | Found Kaqablie's Magic Scroll Shop.
 17022 | Lair:1   | Entered Level 1 of the Lair of Beasts
 17028 | Lair:1   | Learned a level 4 spell: Anguish
 17071 | Lair:1   | Noticed Harold
 17083 | Lair:1   | Killed Harold
 17084 | Lair:1   | Reached skill level 1 in Hexes
 17639 | Lair:1   | You fall into a shaft and drop 1 floor!
 17642 | Lair:2   | Noticed Erica
 17668 | Lair:2   | Reached ***** piety under Kikubaaqudgha
 17676 | Lair:2   | Killed Erica
 17696 | Lair:2   | Reached XP level 13. HP: 70/70 MP: 3/27
 17966 | Lair:1   | HP: 2/70 [spore (27)]
 17976 | Lair:1   | Reached skill level 5 in Hexes
 18999 | Lair:2   | Reached skill level 13 in Summonings
 19237 | Lair:2   | Identified the staff of Valour {rPois rF+ Dex+4 Alchemy}
 19269 | Lair:2   | Reached skill level 10 in Fighting
 19431 | Lair:2   | Identified the ring "Veomeaj" {rC+ rN+ Dex+6}
 20191 | Lair:3   | Found a hole to the Spider Nest.
 20300 | Lair:3   | Reached skill level 10 in Spellcasting
 21012 | Lair:3   | Found a staircase to the Shoals.
 21027 | Lair:3   | Reached skill level 5 in Necromancy
 21393 | Lair:4   | Noticed Josephine
 21398 | Lair:4   | Killed Josephine
 21412 | Lair:4   | Reached skill level 14 in Summonings
 22192 | Lair:4   | Mangled by a skyshark
 22192 | Lair:4   | Lost a life (1 life remaining)
 22600 | Lair:5   | Entered Level 5 of the Lair of Beasts
 22626 | Lair:5   | Reached XP level 14. HP: 51/77 MP: 11/29
 22626 | Lair:5   | Gained a life (2 lives remaining)
 22661 | Lair:5   | Reached ****** piety under Kikubaaqudgha
 22858 | Lair:5   | Found a viscous altar of Jiyva.
 22858 | Lair:5   | Found a staircase to the Slime Pits.
 22859 | Lair:5   | Received a gift from Kikubaaqudgha (forbidden knowledge)
 23207 | Lair:5   | Learned a level 6 spell: Death Channel
 23259 | Lair:5   | Reached skill level 10 in Shapeshifting
 23995 | Abyss:2  | Found a corrupted altar of Lugonu.
 23995 | Abyss:2  | Cast into level 2 of the Abyss (an occultist)
 24036 | Abyss:2  | Noticed a bone dragon
 24110 | Abyss:2  | HP: 2/77 [starcursed mass/accursed screaming (12)]
 24111 | Abyss:2  | Killed from afar by a starcursed mass
 24111 | Abyss:2  | Lost a life (1 life remaining)
 24144 | Abyss:2  | Noticed a tentacled starspawn
 24149 | Abyss:2  | Found a stormy altar of Qazlal.
 24172 | Abyss:2  | Killed a tentacled starspawn
 24449 | Abyss:2  | Noticed a revenant
 24465 | Abyss:2  | HP: 3/77 [revenant] (11)]
 24465 | Abyss:2  | HP: 1/77 [constriction[a revenant] (2)]
 24465 | Abyss:2  | Killed from afar by a revenant
 24465 | Abyss:2  | Lost a life (0 lives remaining)
 24466 | Abyss:2  | Found a corrupted altar of Lugonu.
 24507 | Abyss:2  | Noticed a lich
 24529 | Abyss:2  | Killed a lich
 24552 | Abyss:2  | Fell from the grace of Kikubaaqudgha
 24552 | Abyss:2  | Became a worshipper of Lugonu the Unformed
 24552 | Abyss:2  | Reached * piety under Lugonu
 24552 | Abyss:2  | Reached ** piety under Lugonu
 24553 | Lair:5   | Escaped the Abyss
 24721 | Lair:5   | Found a burning altar of Makhleb.
 27188 | Lair:5   | Found a gateway to Hell.
 27415 | Orc:1    | Entered Level 1 of the Orcish Mines
 28223 | Orc:2    | Entered Level 2 of the Orcish Mines
 29370 | Orc:2    | Reached *** piety under Lugonu
 29404 | Orc:2    | Reached XP level 15. HP: 45/76 MP: 3/31
 29404 | Orc:2    | Gained a life (1 life remaining)
 29486 | Orc:2    | HP: 2/80 [orc priest/+0 whip (5)]
 29501 | Orc:2    | Reached **** piety under Lugonu
 29690 | Orc:2    | Reached skill level 10 in Necromancy
 29808 | Orc:2    | Found a staircase to the Elven Halls.
 30375 | Orc:2    | Found Qevvywoj's Weapon Emporium.
 30376 | Orc:2    | Found Vafaigob's Antique Armour Shoppe.
 30387 | Orc:2    | Found Ikimp's Assorted Antiques.
 30395 | Orc:2    | Found Lokhav's Antique Weapon Emporium.
 30399 | Orc:2    | Bought a scroll of fog for 116 gold pieces
 30399 | Orc:2    | Bought a potion of heal wounds for 145 gold pieces
 30399 | Orc:2    | Bought a scroll of identify for 58 gold pieces
 30399 | Orc:2    | Bought a wand of roots (3) for 208 gold pieces
 30399 | Orc:2    | Bought a potion of magic for 232 gold pieces
 30709 | D:13     | Slain by a spectral boulder beetle
 30709 | D:13     | Lost a life (0 lives remaining)
 30747 | D:13     | Learned a level 5 spell: Summon Forest
 30872 | D:13     | Found Ofugux's Assorted Antiques.
 30880 | D:13     | Bought a dented steel amulet for 195 gold pieces
 31418 | D:13     | Found Akikhlie's Weapon Boutique.
 31890 | D:13     | Reached ***** piety under Lugonu
 32327 | D:13     | Found Yxzia's Jewellery Shoppe.
 32332 | D:13     | Bought the ring of the Mage {Wiz Archmagi} for 663 gold
                  | pieces
 32332 | D:13     | Found the ring of the Mage {Wiz Archmagi}
 32641 | D:13     | Bought a scroll of vulnerability for 64 gold pieces
 32641 | D:13     | Bought a scroll of teleportation for 48 gold pieces
 32641 | D:13     | Bought a scroll of blinking for 120 gold pieces
 32641 | D:13     | Bought a scroll of fear for 64 gold pieces
 33624 | D:14     | Found a gate to the Vaults.
 33982 | D:14     | Found a stormy altar of Qazlal.
 34128 | D:15     | Entered Level 15 of the Dungeon
 34185 | D:15     | Found a portal to a secret trove of treasure.
 34198 | D:15     | Noticed Louise
 34210 | D:15     | Splashed by a brown ugly thing's acid

Illustrated notes

Levels and vault maps discovered:
D:1:      ebering_trefoil_twist, layout_loops_ring,
          minmay_misc_feat_secret_circle, minivault_27, dk_noncrumbling_3,
          minmay_misc_feat_chi
D:2:      layout_loops_corners, shapermc_ecumenical_altar_rom_forum,
          basic_altar, uniq_crazy_yiuf_cottage
D:3:      layout_basic, ashenzari_altar_1, minmay_overflow_temple_star_quad
D:4:      gammafunk_wand_slinger, layout_loops_ring,
          grunt_temple_overflow_forces_of_nature, corexii_leaking_fountain,
          st_stairs_8
D:5:      layout_cave_pools, minmay_temple_entry_slanted, serial_demonic,
          serial_demonic_b, serial_demonic_f, serial_demonic_g,
          serial_demonic_b, nicolae_letterblocks [nicolae_letter_subblock,
          nicolae_letter_subblock, nicolae_letter_subblock,
          nicolae_letter_subblock, nicolae_letter_subblock,
          nicolae_letter_subblock, nicolae_letter_subblock,
          nicolae_letter_subblock, nicolae_letter_subblock,
          nicolae_letter_subblock, nicolae_letter_subblock,
          nicolae_letter_subblock, nicolae_letter_subblock,
          nicolae_letter_subblock, nicolae_letter_subblock,
          nicolae_letter_subblock, nicolae_letter_subblock,
          nicolae_letter_subblock, nicolae_letter_subblock,
          nicolae_letter_subblock, nicolae_letter_subblock,
          nicolae_letter_subblock, nicolae_letter_subblock,
          nicolae_letter_subblock, nicolae_letter_subblock]
D:6:      layout_loops_ring, guppyfry_shop_venom
D:7:      layout_cave_pools, serial_shops, nicolae_shop_tiny_statue_garden,
          serial_park_tiny_1
D:8:      minmay_distorted_concentric_squares, layout_cave_pods,
          nzn_wu_jian_contemplation, serial_shops, nicolae_diamond_shop,
          uniq_amaemon
D:9:      layout_rooms, david_lair_shrubbed, minmay_misc_feat_ornament,
          lightli_wizard_tower, uniq_psyche
D:10:     layout_rooms
D:11:     layout_roguey, erik_orc_1
D:12:     layout_rooms, nicolae_gozag_seed_capital, uniq_fannar, uniq_lodul,
          uniq_urug
D:13:     nicolae_whirlpool, layout_rooms, serial_shops, shop,
          kennysheep_little_box, shop, nicolae_shop_pleasant_corner_grove
D:14:     layout_small_grid, hellmonk_vaults_attempted_burglary,
          nicolae_qazlal_scattered_showers, kennysheep_generic_room_11
D:15:     gammafunk_depths_entry_grave, layout_cave_pools, enter_trove_2,
          nicolae_figureground_pulse, serial_shops, shop,
          minmay_guarded_unrand_variability, uniq_louise
Temple:   regret_index_temple_waves
Lair:1:   beast_lair_carwin_large_1, layout_cave_pods,
          infiniplex_staircase_pool_2, uniq_harold
Lair:2:   layout_regular_city, worms_lemuel, grunt_megastairs_2, uniq_erica
Lair:3:   layout_gridlike, minmay_shoals_entry_hut, dummy_spider_entry,
          infiniplex_staircase_pool, serial_bayou_shore_b, grunt_megastairs_4,
          lemuel_fruit_fields
Lair:4:   layout_long_grid, uniq_josephine
Lair:5:   evil_forest, layout_loops_ring, nicolae_slime_entry_slimehenge,
          serial_bayou_shore_b, lemuel_fruit_tree
Orc:1:    layout_diamond_mine
Orc:2:    st_orc_open, layout_caves

Skill      XL: |  1  2  3  4  5  6  7  8  9 10 11 12 13 14 15 |
---------------+----------------------------------------------+-----
Stealth        | 3 4 5 6 7 8 10 | 10.0
Dodging        | 3 4 5 6 8 9 10 | 10.0
Spellcasting   | 3 4 5 6 7 9 10 11 12 | 12.0
Fire Magic     | 1 2 3 4 5 |  5.0
Fighting       | 2 3 5 6 7 9 10 | 10.0
Summonings     | 5 6 8 9 11 12 14 | 14.3
Air Magic      | 1 3 5 7 |  7.0
Shapeshifting  | 1 3 5 6 9 11 12 | 12.1
Necromancy     | 2 6 9 12 | 12.2
Hexes          | 4 5 |  5.0

Action                     |  1- 3 |  4- 6 |  7- 9 | 10-12 | 13-15 || total
---------------------------+-------+-------+-------+-------+-------++-------
  Melee: Unarmed           |    59 |    52 |    60 |    69 |   113 ||   353
         Bite              |     8 |     5 |     6 |     7 |    27 ||    53
         Punch             |     1 |     2 |     2 |       |     5 ||    10
   Cast: Summon Small Mamm |    48 |    39 |    26 |     1 |    42 ||   156
         Call Imp          |    21 |    25 |    22 |     2 |    25 ||    95
         Call Canine Famil |     2 |    10 |    21 |    12 |    19 ||    64
         Summon Blazeheart |       |     1 |    22 |    75 |   165 ||   263
         Summon Lightning  |       |       |       |    45 |    58 ||   103
         Anguish           |       |       |       |       |   137 ||   137
         Death Channel     |       |       |       |       |     7 ||     7
         Summon Forest     |       |       |       |       |     9 ||     9
 Invoke: Receive Forbidden |       |       |       |       |     1 ||     1
         Depart the Abyss  |       |       |       |       |     1 ||     1
  Evoke: Wand              |       |     1 |     6 |    13 |    39 ||    59
         Phantom mirror    |       |       |       |       |     5 ||     5
    Use: Scroll            |       |     8 |     7 |    13 |    20 ||    48
         Potion            |       |     2 |     2 |     1 |    10 ||    15
   Stab: Sleeping          |     5 |     4 |     4 |     3 |       ||    16
         Paralysed         |       |     3 |     8 |       |     4 ||    15
         Distracted        |       |       |     3 |     1 |     5 ||     9
 Armour: Skin              |    27 |    36 |    70 |    95 |   214 ||   442
  Dodge: Dodged            |    77 |    71 |   155 |   258 |   578 ||  1139
   Form: Blade             |       |       |       |       |     2 ||     2
                           |       |       |       |       |     1 ||     1

Table legend: (Time is in decaauts)
 A = Elapsed time spent in this place.
 B = Non-inter-level travel time spent in this place.
 C = Inter-level travel time spent in this place.
 D = Time resting spent in this place.
 E = Time spent auto-exploring this place.
 F = Levels seen in this place.
 G = Mean time per level.
                   A        B        C        D        E       F      G
               +--------+--------+--------+--------+--------+-----+--------+
         Total |  34352 |  32922 |   1430 |  12036 |  13666 |  24 | 1431.3 |
       Dungeon |  20607 |  19556 |   1051 |   6222 |   9216 |  15 | 1373.8 |
        Temple |    817 |    768 |     49 |    626 |      0 |   1 |  817.0 |
          Lair |   9797 |   9543 |    254 |   4005 |   3710 |   5 | 1959.4 |
  Orcish Mines |   2572 |   2497 |     75 |   1016 |    740 |   2 | 1286.0 |
         Abyss |    557 |    557 |      0 |    167 |      0 |   1 |  557.0 |
               +--------+--------+--------+--------+--------+-----+--------+

Top non-repeatable levels by time:
  Lair:5: 3871 daAuts
    D:11: 2356 daAuts
    D:13: 2065 daAuts
     D:8: 2040 daAuts
     D:5: 1949 daAuts
  Lair:1: 1757 daAuts
  Lair:3: 1755 daAuts
     D:2: 1682 daAuts
    D:14: 1441 daAuts
  Lair:2: 1360 daAuts
     D:1: 1331 daAuts
     D:6: 1326 daAuts
   Orc:1: 1311 daAuts
   Orc:2: 1261 daAuts
     D:9: 1129 daAuts
